 Dungeon Crawl Stone Soup version 0.30.1-1-g62c8e00024 (webtiles) character file.

Game seed: 4040138544234922930

1273 Peloso the Slasher (level 8, -6/70 HPs)
             Began as a Minotaur Fighter on July 14, 2023.
             Killed themself with a badly aimed iceblast (12 damage)
             ... on level 6 of the Dungeon.
             The game lasted 00:13:39 (5467 turns).

Peloso the Slasher (Minotaur Fighter)               Turns: 5467, Time: 00:13:40

Health: -6/70      AC: 14    Str: 21    XL:     8   Next: 28%
Magic:  7/7        EV:  9    Int:  5    God:
Gold:   65         SH:  5    Dex: 12    Spells: 7/7 levels left

rFire   + . .        a - +1 long sword
rCold   . . .        d - +0 buckler
rNeg    . . .        c - +1 chain mail
rPois   .            (helmet restricted)
rElec   .            i - +0 cloak
rCorr   .            (no gloves)
SInv    .            (no boots)
Will    .....        (no amulet) Stlth
                     f - ring of protection from fire
HPRegen 0.31/turn    (no ring)
MPRegen 0.10/turn

%: no passive effects
@: no status effects
A: horns 2, retaliatory headbutt, iridescent scales 1
a: no special abilities


You were on level 6 of the Dungeon.
You visited 1 branch of the dungeon, and saw 6 of its levels.

You collected 344 gold pieces.
You spent 279 gold pieces at shops.

Inventory:

Hand Weapons
 a - a +1 long sword (weapon)
Armour
 b - a +0 scale mail
 c - a +1 chain mail (worn)
 d - a +0 buckler (worn)
 i - a +0 cloak (worn)
Jewellery
 f - a ring of protection from fire (left hand)
Wands
 h - a wand of iceblast (11)
Scrolls
 e - a scroll of enchant weapon
 j - 2 scrolls of magic mapping
 k - 2 scrolls of amnesia
 l - 5 scrolls of teleportation {unknown}
 o - a scroll of torment {unknown}
 p - a scroll of poison {unknown}
 s - a scroll of fear {unknown}
 t - 3 scrolls of immolation
Potions
 g - a potion of haste
 m - 2 potions of mutation
 n - a potion of might
 r - a potion of flight


   Skills:
 + Level 6.0 Fighting
 + Level 7.6 Long Blades
 + Level 7.3 Armour
 + Level 2.8 Dodging
 + Level 0.4 Stealth
 + Level 5.2 Shields


You had 7 spell levels left.
You didn't know any spells.
Your spell library contained the following spells:

 Spells                   Type           Power      Damage    Failure   Level
 Blink                    Tloc           0%         N/A       99%         2
 Lesser Beckoning         Tloc           0%         N/A       99%         2
 Momentum Strike          Conj/Tloc      0%         3d8       99%         2
 Portal Projectile        Hex/Tloc       0%         N/A       100%        3
 Tukima's Dance           Hex            0%         N/A       100%        3
 Blade Hands              Tmut           0%         N/A       100%        5


Dungeon Overview and Level Annotations

Branches:
Dungeon (6/15)             Temple (0/1) D:6

Altars:
Dithmenos
Elyvilon
Nemelex Xobeh
Xom
The Shining One

Shops:
D:2 ?*   D:4 *

Annotations:
D:6 2 runed translucent doors


Innate Abilities, Weirdness & Mutations

You have a pair of horns on your head.
You reflexively headbutt those who attack you in melee.
You are partially covered in iridescent scales. (AC +2)


Message History

* * * LOW HITPOINT WARNING * * *
The orc hits you but does no damage.
Unknown command.
There are monsters nearby!
You slash the orc priest!
You kill the orc priest!
The orc warrior hits you but does no damage.
You block the orc's attack.
Unknown command.
The orc warrior misses you. You furiously retaliate!
You headbutt the orc warrior. The orc attacks as you move away!
The orc barely misses you.
The orc warrior attacks as you move away!
The orc warrior barely misses you. The orc attacks as you move away!
The orc hits you but does no damage.
You hit the orc warrior.
The orc warrior is heavily wounded.
The orc warrior hits you with a +0 long sword.
* * * LOW HITPOINT WARNING * * *
You hit the orc warrior but do no damage.
Your headbutt misses the orc warrior.
The orc warrior is heavily wounded.
The orc warrior hits you with a +0 long sword!
* * * LOW HITPOINT WARNING * * *
You closely miss the orc warrior.
The orc warrior is heavily wounded.
The orc warrior closely misses you.
You feel better.
The orc warrior hits you with a +0 long sword!
* * * LOW HITPOINT WARNING * * *
Aiming: Iceblast
Press: ? - help, Shift-Dir - straight line, f - orc warrior
Aim: an orc warrior, wielding a +0 long sword and wearing a +0 chain mail (heavily wounded) That beam is likely to hit you.
Continue anyway?
The mass of ice explodes!
The iceblast engulfs the orc warrior!
The orc warrior is almost dead.
The iceblast engulfs the orc!
You kill the orc!
The iceblast engulfs you!
You die...

#. #....#b.Bss#.. #.
.#....#######..
#.###.#.............
#.#.. .............
#.#.# #######'#####
#)#.####.# #..'#
#.)).....# ###.#
###o###### #####.###
#@# #........ #.#
###.#.....# #.#
##..........
#.#####..........#
#...........#...##
#######........##
##...##### ###....
#####


You could see an orc warrior.

Vanquished Creatures
  An ice beast (D:6)
  2 ogres (D:5)
  2 phantoms
  Blork the orc (D:4)
  A gnoll sergeant (D:5)
  2 scorpions
  A jelly (D:5)
  3 hounds
  2 orc priests (D:6)
  2 sleepcaps (D:5)
  5 iguanas
  An orc wizard (D:6)
  9 gnolls
  2 adders
  2 shadow imps (D:6)
  A white imp (D:5)
  4 worms
  2 dart slugs
  8 orcs
  5 bats
  11 endoplasms
  4 giant cockroaches
  9 hobgoblins
  11 kobolds
  3 quokkas
  8 ball pythons
  2 frilled lizards
  3 goblins
  7 rats
114 creatures vanquished.

Notes
Turn   | Place    | Note
-------+----------+-------------------------------------------
     0 | D:1      | Peloso the Minotaur Fighter began the quest for the Orb.
     0 | D:1      | Reached XP level 1. HP: 19/19 MP: 0/0
   109 | D:1      | Reached XP level 2. HP: 27/27 MP: 1/1
   413 | D:1      | Reached XP level 3. HP: 34/34 MP: 2/2
   597 | D:1      | Gained mutation: Your muscles are strong. (Str +4, Int/Dex
                  | -1) [potion of mutation]
   598 | D:1      | Lost mutation: Your muscles are strong. (Str +4, Int/Dex
                  | -1) [potion of mutation]
   598 | D:1      | Gained mutation: You are partially covered in iridescent
                  | scales. (AC +2) [potion of mutation]
   763 | D:2      | Found Riragi's Magic Scroll Boutique.
   803 | D:1      | Reached skill level 1 in Dodging
   929 | D:1      | Reached XP level 4. HP: 10/41 MP: 3/3
  1061 | D:2      | Bought a scroll of magic mapping for 82 gold pieces
  1212 | D:2      | Found Qohitose's Assorted Antiques.
  1249 | D:2      | Found a faded altar of an unknown god.
  1959 | D:3      | Found a glowing golden altar of the Shining One.
  2014 | D:3      | Reached XP level 5. HP: 45/47 MP: 4/4
  2107 | D:3      | Found a sparkling altar of Nemelex Xobeh.
  2408 | D:3      | Found a shimmering altar of Xom.
  2470 | D:4      | Found a white marble altar of Elyvilon.
  2496 | D:4      | Reached skill level 5 in Armour
  2768 | D:4      | Found a shadowy altar of Dithmenos.
  2809 | D:4      | Found Epsyezu's Assorted Antiques.
  2819 | D:4      | Bought a white potion for 20 gold pieces
  2819 | D:4      | Bought a scroll labelled OKKIT LECOEMUO for 23 gold pieces
  2819 | D:4      | Bought a scroll labelled PYVIUH MAECLIFF for 23 gold pieces
  2819 | D:4      | Bought a scroll labelled ROJODABREI for 23 gold pieces
  2819 | D:4      | Bought a scroll labelled ROJODABREI for 23 gold pieces
  2852 | D:4      | Reached XP level 6. HP: 39/55 MP: 5/5
  3171 | D:4      | Noticed Blork the orc
  3185 | D:4      | Killed Blork the orc
  3186 | D:4      | Reached skill level 5 in Fighting
  3470 | D:2      | Bought a green potion for 19 gold pieces
  3470 | D:2      | Bought a scroll labelled JYTOPR RYOFUKH for 22 gold pieces
  3470 | D:2      | Bought a scroll labelled OKKIT LECOEMUO for 22 gold pieces
  3470 | D:2      | Bought a scroll labelled SOSYAD XUUCLA for 22 gold pieces
  3599 | D:5      | Entered Level 5 of the Dungeon
  3685 | D:5      | Reached skill level 5 in Long Blades
  3782 | D:5      | Reached XP level 7. HP: 59/61 MP: 6/6
  4133 | D:5      | Reached skill level 5 in Shields
  4664 | D:6      | Found a staircase to the Ecumenical Temple.
  4742 | D:6      | Reached XP level 8. HP: 70/70 MP: 7/7
  4772 | D:5      | HP: 3/70 [poisoned by a gnoll sergeant]
  5335 | D:6      | Found a runed translucent door.
  5349 | D:6      | Found a runed translucent door.
  5467 | D:6      | Killed themself with a badly aimed iceblast

Illustrated notes

Levels and vault maps discovered:
D:1:      dpeg_arrival_more_subterranean_lakeside_camping, layout_basic
D:2:      layout_basic, basic_ecumenical_altar, serial_corexii_hall,
          chequers_hall_statues_wall_a, corexii_hall_statues_l, serial_shops,
          nicolae_shop_advertising_works [nicolae_subvault_shop_adworks],
          nicolae_shop_hallway_plus, minivault_14
D:3:      layout_basic, lemuel_coloured_pillars_altar, tso_altar,
          lemuel_doored_altar
D:4:      layout_loops_ring, mainiacjoe_overflow_tiny_flanked,
          grunt_dithmenos_smoke, serial_shops, nicolae_shop_crystal,
          minmay_misc_feat_chi, kennysheep_cluttered_room, uniq_blork_the_orc
D:5:      layout_gridville
D:6:      lemuel_insect_pit, layout_loops_corners,
          nicolae_overflow_hidden_temple, lemuel_temple_firewalk_a, uniq_maggie

Skill      XL: |  1  2  3  4  5  6  7  8 |
---------------+-------------------------+-----
Fighting       | 4 5 6 |  6.0
Armour         | 4 5 6 7 |  7.3
Long Blades    | 3 4 5 7 |  7.6
Dodging        | 1 2 |  2.8
Shields        | 4 5 |  5.2
Stealth        | |  0.4

Action                     |  1- 3 |  4- 6 |  7- 9 || total
---------------------------+-------+-------+-------++-------
  Melee: Long sword        |    90 |   153 |   104 ||   347
         Headbutt          |    11 |    30 |    23 ||    64
    Use: Potion            |     4 |       |     3 ||     7
         Scroll            |       |     8 |       ||     8
 Armour: Scale mail        |    84 |    22 |       ||   106
         Chain mail        |       |    37 |    59 ||    96
  Dodge: Dodged            |    61 |    58 |    57 ||   176
  Block: Buckler           |    37 |    37 |    26 ||   100
